 Dungeon Crawl Stone Soup version 0.31-a0-1469-gd420192249 (webtiles) character file.

Game seed: 14773895811933549037

10378 grandjackal the Fighter (level 11, -3/141 HPs)
             Began as a Demonspawn Gladiator on Dec 28, 2023.
             Was a Believer of Trog.
             Killed from afar by a gargoyle (21 damage)
             ... with a stone arrow
             ... on level 10 of the Dungeon on Dec 29, 2023.
             The game lasted 00:08:53 (8211 turns).

grandjackal the Fighter (Demonspawn Gladiator)      Turns: 8211, Time: 00:08:54

Health: -3/141     AC: 29    Str: 19    XL:     11   Next: 35%
Magic:  11/11      EV:  2    Int:  8    God:    Trog [**....]
Gold:   603        SH:  0    Dex: 15    Spells: 10/10 levels left

rFire   . . .        a - +1 war axe
rCold   . . .        (no shield)
rNeg    . . .        k - melded +0 scale mail
rPois   +            c - melded +0 helmet
rElec   .            J - melded +2 cloak {rCorr}
rCorr   .            L - melded +0 pair of gloves
SInv    .            (boots currently unavailable)
Will    .....        (no amulet)
Stlth   +            h - +4 ring of protection
HPRegen 0.43/turn    b - +5 ring of evasion
MPRegen 0.12/turn

%: no passive effects
@: tree-form, on berserk cooldown, slowed, very slow
A: stationary, stasis, torment immunity, boosted hp, (hooves 2), rugged brown
scales 1, powered by death 2
a: Renounce Religion, Berserk, Trog's Hand


You were on level 10 of the Dungeon.
You worshipped Trog.
Trog was pleased with you.
You were a tree.
You visited 1 branch of the dungeon, and saw 10 of its levels.

You collected 603 gold pieces.

Inventory:

Hand Weapons
 a - a +1 war axe (weapon)
 n - a +0 flail
 q - a +3 scimitar of flaming
 T - a +3 morningstar of freezing
Missiles
 d - 3 throwing nets (quivered)
 e - a javelin
 r - 5 silver javelins
Armour
 c - a +0 helmet (melded)
 k - a +0 scale mail (melded)
 J - a +2 cloak of preservation (melded)
 L - a +0 pair of gloves (melded)
Jewellery
 b - a +5 ring of evasion (right branch)
 h - a +4 ring of protection (left branch)
 B - a ring of positive energy
 G - a ring of willpower
 M - a ring of resist corrosion
 Q - a +6 ring of dexterity
Wands
 H - a wand of iceblast (8)
 N - a wand of flame (20)
 O - a wand of paralysis (8)
 U - a wand of quicksilver (8)
Scrolls
 g - 3 scrolls of enchant weapon
 i - a scroll of identify
 j - 7 scrolls of teleportation
 l - a scroll of fog {unknown}
 v - a scroll of revelation {unknown}
 x - a scroll of silence {unknown}
 y - a scroll of immolation {unknown}
 A - 3 scrolls of summoning {unknown}
 D - a scroll of brand weapon {unknown}
 E - 2 scrolls of fear {unknown}
 F - a scroll of poison {unknown}
 I - a scroll of torment {unknown}
 S - a scroll of acquirement {unknown}
 V - a scroll of enchant armour {unknown}
Potions
 f - a potion of resistance
 m - a potion of cancellation
 o - a potion of invisibility
 p - a potion of berserk rage {unknown}
 s - 2 potions of haste {unknown}
 t - 2 potions of lignification
 u - 3 potions of degeneration {unknown}
 w - a potion of might {unknown}
 z - 3 potions of enlightenment {unknown}
 K - a potion of mutation {unknown}
 P - a potion of curing {unknown}
 R - a potion of magic {unknown}


   Skills:
 + Level 10.7 Fighting
 + Level 10.0 Axes
 - Level 2.0 Throwing
 - Level 7.6 Armour
 + Level 6.1 Dodging


You had 10 spell levels left.
You didn't know any spells.
Your spell library contained the following spells:

 Spells                   Type           Power      Damage    Failure   Level
 Static Discharge         Conj/Air       0%         3-3/arc   54%         2
 Frozen Ramparts          Ice            0%         1d1       78%         3
 Airstrike                Air            0%         2d(0-16)  99%         4
 Leda's Liquefaction      Alch/Erth      0%         N/A       99%         4
 Petrify                  Alch/Erth      0%         N/A       99%         4
 Summon Lightning Spire   Summ/Air       0%         N/A       99%         4
 Metabolic Englaciation   Hex/Ice        0%         N/A       100%        5


Dungeon Overview and Level Annotations

Branches:
Dungeon (10/15)            Temple (0/1) D:7            Lair (0/5) D:9
    Orc: D:9-12

Altars:
Gozag
Hepliaklqana
Ru
Sif Muna
Trog
Vehumet
Wu Jian
Xom
Yredelemnul

Shops:
D:2 *   D:8 *

Annotations:
D:3 1 runed translucent door, wally255's ghost, amateur HuFi
D:9 3 runed translucent doors, Cadnt's ghost, novice BaFi; jejorda2's ghost, novice GnBe


Innate Abilities, Weirdness & Mutations

You are a tree.
Your roots penetrate the ground, keeping you stationary.
You cannot be teleported.
You are immune to unholy pain and torment.
Your maximum health is greatly increased.
Your equipment is partially melded.
((You have hoof-like feet.))
(You are partially covered in rugged brown scales. (AC +1, +3% HP))
You regenerate health from kills.


Message History

The gargoyle hurls a stone arrow at you.
The stone arrow hits you.
* * * LOW HITPOINT WARNING * * *
Aiming: Paralyse
Press: ? - help, Shift-Dir - straight line, f/p - gargoyle
Aim: a gargoyle, wielding a +0 mace (chance to affect: 31%)
The gargoyle easily resists.
The gargoyle completely misses you.
The gargoyle hurls a stone arrow at you.
The stone arrow hits you!
* * * LOW HITPOINT WARNING * * *
Aiming: Paralyse
Press: ? - help, Shift-Dir - straight line, f/p - gargoyle
Aim: a gargoyle, wielding a +0 mace (chance to affect: 31%)
The gargoyle easily resists.
The gargoyle hits you but does no damage.
Unknown command.
Aiming: Paralyse
Press: ? - help, Shift-Dir - straight line, f/p - gargoyle
Aim: a gargoyle, wielding a +0 mace (chance to affect: 31%)
The gargoyle easily resists.
The gargoyle hurls a stone arrow at you.
The stone arrow hits you!
* * * LOW HITPOINT WARNING * * *
The gargoyle hits you but does no damage.
You feel much better.
The gargoyle hits you but does no damage.
Aiming: Paralyse
Press: ? - help, Shift-Dir - straight line, f/p - gargoyle
Aim: a gargoyle, wielding a +0 mace (chance to affect: 31%)
The gargoyle easily resists.
The gargoyle hits you but does no damage.
The gargoyle hurls a stone arrow at you.
The stone arrow hits you but does no damage.
Aiming: Paralyse
Press: ? - help, Shift-Dir - straight line, f/p - gargoyle
Aim: a gargoyle, wielding a +0 mace (chance to affect: 31%)
The gargoyle easily resists.
The gargoyle hurls a stone arrow at you.
The stone arrow hits you!!
You die...

..#..#...#..#..#......#
#...#.#...###.......#
.#...#...#...#......#
..#..#..#.....#.....#
...#####............#
..#..#..#.....#.....#
.#...#...#...#......#
#...#.#...###....<..#
#..#...#♣.#..#......#
#...†9###...#.....#
#...†[#..#....###.#
#.....#...#...# .#
#.#...#.#......# .#
#..$#.#...#.....# #
$..... ....... ..####
## ..


You could see a gargoyle.

Vanquished Creatures
  Snorg (D:10)
  Erica (D:8)
  3 death yaks
  Pikel (D:7)
  Joseph (D:8)
  A shadow (D:8)
  Sigmund (D:3)
  3 yaks (D:9)
  3 wyverns
  Grum (D:8)
  Eustachio (D:6)
  2 steam dragons
  Duvessa (D:4)
  2 ice beasts
  A black bear (D:8)
  An orc warrior (D:6)
  2 wolves (D:8)
  4 ogres
  2 centaurs
  2 lemures (D:7)
  A phantom (D:6)
  A kobold brigand (D:9)
  4 bullfrogs
  A gnoll sergeant (D:9)
  3 scorpions
  19 wights
  21 killer bees
  Dowan (D:4)
  An electric eel (D:9)
  A howler monkey (D:7)
  A lava snake (D:9)
  4 bombardier beetles
  A gnoll bouda (D:6)
  3 jellies
  3 orc priests
  2 hounds (D:6)
  A sleepcap (D:7)
  3 iguanas
  3 orc wizards
  Terence (D:2)
  Robin (D:3)
  4 gnolls
  7 adders
  A worm (D:2)
  5 dart slugs
  27 orcs
  7 endoplasms
  4 giant cockroaches
  7 hobgoblins
  A jackal (D:3)
  10 kobolds
  A quokka (D:1)
  6 ball pythons
  6 bats
  2 frilled lizards (D:3)
  16 goblins
  4 rats
  A spectral orc (D:4)
219 creatures vanquished.

Vanquished Creatures (others)
  Maurice (D:7)
1 creature vanquished.

Grand Total: 220 creatures vanquished

Notes
Turn   | Place    | Note
-------+----------+-------------------------------------------
     0 | D:1      | grandjackal the Demonspawn Gladiator began the quest for
                  | the Orb.
     0 | D:1      | Reached XP level 1. HP: 16/16 MP: 1/1
   174 | D:1      | Gained mutation: You are partially covered in rugged brown
                  | scales. (AC +1, +3% HP) [demonic ancestry]
   174 | D:1      | Reached XP level 2. HP: 14/22 MP: 2/2
   545 | D:1      | Reached XP level 3. HP: 17/28 MP: 3/3
   903 | D:2      | Noticed Terence
   912 | D:2      | Killed Terence
   913 | D:2      | Reached skill level 1 in Armour
  1042 | D:2      | Found a basalt altar of Yredelemnul.
  1099 | D:2      | Reached XP level 4. HP: 35/35 MP: 4/4
  1104 | D:2      | Found Ypsocaum's General Store.
  1437 | D:3      | Noticed Robin
  1451 | D:3      | Killed Robin
  1490 | D:3      | Found a faded altar of an unknown god.
  1571 | D:3      | Found a runed translucent door.
  1663 | D:3      | Gained mutation: You have large cloven feet. [demonic
                  | ancestry]
  1663 | D:3      | Reached XP level 5. HP: 42/42 MP: 5/5
  1682 | D:3      | Found an ornate altar of the Wu Jian Council.
  1687 | D:3      | Found a bloodstained altar of Trog.
  2016 | D:3      | Noticed Sigmund
  2027 | D:3      | Killed Sigmund
  2028 | D:3      | Reached XP level 6. HP: 38/49 MP: 6/6
  2068 | D:3      | Found a radiant altar of Vehumet.
  2260 | D:3      | Noticed wally255's ghost (amateur HuFi)
  2351 | D:4      | Found a sacrificial altar of Ru.
  2632 | D:4      | Found a hazy altar of Hepliaklqana.
  2632 | D:4      | Noticed Duvessa
  2632 | D:4      | Noticed Dowan
  2648 | D:4      | Killed Duvessa
  2656 | D:4      | Killed Dowan
  2657 | D:4      | Gained mutation: You regenerate a little health from kills.
                  | [demonic ancestry]
  2657 | D:4      | Reached XP level 7. HP: 14/56 MP: 7/7
  2658 | D:4      | Identified the +1 falchion "Zuquk" {vamp, rElec rPois
                  | Str+2}
  3140 | D:3      | Became a worshipper of Trog the Wrathful
  3184 | D:5      | Entered Level 5 of the Dungeon
  3195 | D:5      | Reached skill level 5 in Fighting
  3195 | D:5      | Reached skill level 5 in Axes
  3875 | D:5      | Gained mutation: You regenerate health from kills. [demonic
                  | ancestry]
  3875 | D:5      | Reached XP level 8. HP: 65/65 MP: 8/8
  4096 | D:5      | Identified the +6 glaive of Jak Isopp {vamp, Dex+3}
  4319 | D:6      | Found an opulent altar of Gozag.
  4329 | D:6      | Reached * piety under Trog
  4373 | D:6      | Reached skill level 5 in Armour
  4590 | D:6      | Noticed Eustachio
  4604 | D:6      | Killed Eustachio
  4835 | D:7      | Gained mutation: You have hoof-like feet. [demonic
                  | ancestry]
  4835 | D:7      | Reached XP level 9. HP: 74/74 MP: 9/9
  4861 | D:7      | Noticed Maurice
  4863 | D:7      | Maurice stole 3 throwing nets
  4867 | D:7      | Maurice stole a +2 falchion of flaming
  5007 | D:7      | Something stole 5 silver javelins
  5009 | D:7      | Killed Maurice
  5029 | D:7      | HP: 1/76 [wyvern (9)]
  5540 | D:7      | Noticed Pikel
  5554 | D:7      | Killed Pikel
  5555 | D:7      | Reached XP level 10. HP: 76/84 MP: 10/10
  5824 | D:7      | Found a shimmering blue altar of Sif Muna.
  5871 | D:7      | Reached ** piety under Trog
  5935 | D:7      | Found a staircase to the Ecumenical Temple.
  6284 | D:8      | Found Qaohusit's General Store.
  6284 | D:8      | Noticed Grum
  6295 | D:8      | Killed Grum
  6667 | D:8      | Noticed Joseph
  6677 | D:8      | Killed Joseph
  6966 | D:8      | Noticed Erica
  6967 | D:8      | Paralysed by Erica for 4 turns
  6978 | D:8      | Killed Erica
  7373 | D:9      | Noticed a death yak
  7375 | D:9      | Noticed a death yak
  7406 | D:8      | Killed a death yak
  7407 | D:8      | Reached skill level 10 in Fighting
  7407 | D:8      | Reached skill level 5 in Dodging
  7451 | D:9      | Noticed a death yak
  7471 | D:9      | Killed a death yak
  7472 | D:9      | Reached XP level 11. HP: 93/93 MP: 11/11
  7489 | D:9      | Killed a death yak
  7645 | D:9      | Found a runed translucent gate.
  7645 | D:9      | Found a runed translucent gate.
  7646 | D:9      | Found a runed translucent gate.
  7649 | D:9      | Noticed Cadnt's ghost (novice BaFi)
  7649 | D:9      | Noticed jejorda2's ghost (novice GnBe)
  7914 | D:9      | Found a staircase to the Lair.
  8035 | D:9      | Found a shimmering altar of Xom.
  8119 | D:10     | Entered Level 10 of the Dungeon
  8177 | D:10     | Noticed Snorg
  8193 | D:10     | Killed Snorg
  8194 | D:10     | Reached skill level 10 in Axes
  8208 | D:10     | HP: 1/141 [gargoyle/stone arrow (17)]
  8211 | D:10     | Killed from afar by a gargoyle

Illustrated notes

Levels and vault maps discovered:
D:1:      roadster_arrival_rocket_small, layout_loops_ring, serial_bayou_pond_c
D:2:      layout_basic, basic_altar, serial_shops,
          nicolae_shop_just_a_little_nook, uniq_terence
D:3:      layout_basic, mainiacjoe_overflow_24_doors, jmf_multi_god_temple,
          ebering_ghost_reflecting_pool,
          shapermc_ecumenical_altar_starsandcircs, reono_crystal_passage,
          uniq_sigmund, uniq_robin
D:4:      layout_basic, nicolae_hepliaklqana_monster_ancestors,
          mainiacjoe_overflow_boulevard, uniq_duvessa
D:5:      layout_loops_ring, kennysheep_mini
D:6:      layout_rooms, kennysheep_small_circle, uniq_eustachio
D:7:      layout_basic, overflow_temple_1_default,
          minmay_temple_entry_purple_smoke, uniq_pikel, uniq_maurice
D:8:      layout_loops_corners, serial_shops, nicolae_shop_behind_doors,
          uniq_joseph, uniq_grum, uniq_erica
D:9:      layout_big_octagon, lemuel_coloured_pillars_altar, dpeg_lair_monsters,
          gammafunk_ghost_cemetery, nicolae_lava_and_water
D:10:     kennysheep_ambush_hall, layout_long_grid, minmay_splitting_lines,
          minmay_rotating_lava, uniq_snorg

Skill      XL: |  1  2  3  4  5  6  7  8  9 10 11 |
---------------+----------------------------------+-----
Throwing       | 2 |  2.0
Axes           | 3 4 5 6 8 9 10 | 10.0
Dodging        | 3 5 6 |  6.1
Armour         | 1 2 3 4 5 7 |  7.6
Fighting       | 3 4 5 7 8 10 | 10.7

Action                     |  1- 3 |  4- 6 |  7- 9 | 10-12 || total
---------------------------+-------+-------+-------+-------++-------
  Melee: War axe           |    94 |   112 |   313 |   179 ||   698
         Punch             |     1 |     3 |     6 |     1 ||    11
         Kick              |       |     8 |    92 |    67 ||   167
 Invoke: Berserk           |       |       |     4 |     9 ||    13
  Evoke: Wand              |       |       |       |     9 ||     9
    Use: Scroll            |       |       |       |     5 ||     5
         Potion            |       |       |       |     7 ||     7
   Stab: Invisible         |       |       |       |    10 ||    10
 Armour: Leather armour    |    17 |       |       |       ||    17
         Scale mail        |    39 |    68 |   213 |   177 ||   497
         Skin              |       |       |       |    21 ||    21
  Dodge: Dodged            |    47 |    93 |   288 |   266 ||   694

Table legend: (Time is in decaauts)
 A = Elapsed time spent in this place.
 B = Non-inter-level travel time spent in this place.
 C = Inter-level travel time spent in this place.
 D = Time resting spent in this place.
 E = Time spent auto-exploring this place.
 F = Levels seen in this place.
 G = Mean time per level.
                   A        B        C        D        E       F      G
               +--------+--------+--------+--------+--------+-----+--------+
         Total |   8469 |   8194 |    275 |   1518 |   5066 |  10 |  846.9 |
       Dungeon |   8469 |   8194 |    275 |   1518 |   5066 |  10 |  846.9 |
               +--------+--------+--------+--------+--------+-----+--------+

Top non-repeatable levels by time:
     D:8: 1452 daAuts
     D:5: 1121 daAuts
     D:7: 979 daAuts
     D:3: 914 daAuts
     D:6: 887 daAuts
     D:1: 878 daAuts
     D:4: 877 daAuts
     D:9: 667 daAuts
     D:2: 597 daAuts
    D:10: 93 daAuts
